 Dungeon Crawl Stone Soup version 0.29.1-13-g9f3cf754e1 (webtiles) character file.

Game seed: 15106699225173975185

2649 Dvallin the Ruffian (level 9, -1/110 HPs)
             Began as an Ogre Transmuter on Jan 21, 2023.
             Was a Follower of Okawaru.
             Slain by a killer bee (7 damage)
             ... on level 6 of the Dungeon.
             The game lasted 00:16:21 (10137 turns).

Dvallin the Ruffian (Ogre Transmuter)              Turns: 10137, Time: 00:16:22

Health: -1/110     AC:  7    Str: 16    XL:     9   Next: 62%
Magic:  13/17      EV: 11    Int: 18    God:    Okawaru [*.....]
Gold:   367        SH:  0    Dex:  9    Spells: 11/19 levels left

rFire   x . .      SeeInvis .     - Unarmed
rCold   + + +      Faith    .   (shield currently unavailable)
rNeg    . . .      Spirit   .   (body armour currently unavailable)
rPois   +          Reflect  .   (helmet currently unavailable)
rElec   .          Harm     .   (cloak currently unavailable)
rCorr   .          Rampage  .   (gloves unavailable)
Will    .....                   (boots unavailable)
Stlth   +++.......              (no amulet)
HPRegen 0.28/turn               (no ring)
MPRegen 0.15/turn               (no ring)

@: ice-form, heroic
A: freezing attack, amphibious, boosted hp, large, unfitting armour, (tough skin
1)
a: End Transformation, Renounce Religion, Heroism


You were on level 6 of the Dungeon.
You worshipped Okawaru.
Okawaru was aware of your devotion.
You were a creature of crystalline ice.
You visited 2 branches of the dungeon, and saw 8 of its levels.

You collected 367 gold pieces.

Inventory:

Missiles
 j - 3 silver boomerangs
 m - a throwing net
 n - 20 poisoned darts
 C - 2 curare-tipped darts
Armour
 a - a +0 robe (melded)
 w - a +0 cloak (melded)
 x - a +0 kite shield
 E - a +2 robe of cold resistance
Jewellery
 p - a ring of poison resistance
Wands
 y - a wand of charming (14)
 B - a wand of iceblast (4)
Scrolls
 i - 2 scrolls of immolation {unknown}
 k - 8 scrolls of identify {unknown}
 l - 3 scrolls of noise {unknown}
 s - a scroll of amnesia {unknown}
 t - 2 scrolls of teleportation {unknown}
 v - 2 scrolls of vulnerability {unknown}
 z - a scroll of blinking {unknown}
Potions
 b - a potion of lignification
 c - 4 potions of brilliance {unknown}
 d - a potion of flight {unknown}
 e - 2 potions of attraction {unknown}
 f - 2 potions of curing {unknown}
 g - a potion of heal wounds {unknown}
 h - 3 potions of might
 o - 2 potions of degeneration {unknown}
 q - 2 potions of mutation {unknown}
 r - a potion of magic {unknown}
 u - 2 potions of resistance {unknown}
 A - a potion of haste {unknown}
 D - a potion of cancellation {unknown}


   Skills:
 + Level 6.6(11.6) Fighting
 - Level 1.7(6.7) Dodging
 * Level 7.1(12.1) Unarmed Combat
 + Level 5.9 Spellcasting
 * Level 6.9 Transmutations
 + Level 3.0 Invocations


You had 11 spell levels left.
You knew the following spells:

 Your Spells              Type           Power      Damage    Failure   Level
a - Beastly Appendage     Tmut           60%        N/A       1%          1
b - Spider Form           Tmut/Pois      17%        N/A       9%          3
c - Ice Form              Ice/Tmut       17%        N/A       28%         4

Your spell library contained the following spells:

 Spells                   Type           Power      Damage    Failure   Level
 Wereblood                Tmut           30%        N/A       1%          2
 Slow                     Hex            20%        N/A       12%         1
 Confusing Touch          Hex            5%         N/A       36%         3
 Vampiric Draining        Necr           5%         2d6       36%         3


Dungeon Overview and Level Annotations

Branches:
Dungeon (7/15)             Temple (1/1) D:6

Altars:
Cheibriados
Dithmenos
Elyvilon
Fedhas
Gozag
Hepliaklqana
Kikubaaqudgha
Makhleb
Nemelex Xobeh
Okawaru
Qazlal
Ru
Sif Muna
Trog
Uskayaw
Vehumet
Wu Jian
Xom
Yredelemnul
Zin
The Shining One

Shops:
D:6 =


Innate Abilities, Weirdness & Mutations

You are a creature of crystalline ice.
You have a powerful freezing melee attack.
You are amphibious.
Your maximum health is increased.
Your armour is entirely melded.
You are incapable of wielding weapons or throwing items.
You are too large for most types of armour.
((You have tough skin. (AC +1)))


Message History

The killer bee closely misses you. The killer bee stings you.
* * * LOW HITPOINT WARNING * * *
You climb upwards.
There is a stone staircase leading down here.
Unknown command.
You pummel the killer bee!! You freeze the killer bee.
You kill the killer bee!
Okawaru accepts your kill.
The killer bee stings you but does no damage.
The killer bee stings you!
* * * LOW HITPOINT WARNING * * *
The killer bee completely misses you.
The killer bee stings you but does no damage.
The killer bee barely misses you.
Really quaff the potion of lignification? [Y]es or [N]o only, please.
Really quaff the potion of lignification?
Okay, then.
You gain the combat prowess of a mighty hero.
The killer bee stings you but does no damage.
The killer bee stings you.
* * * LOW HITPOINT WARNING * * *
The killer bee stings you.
* * * LOW HITPOINT WARNING * * *
The killer bee completely misses you.
The killer bee stings you but does no damage.
The killer bee misses you. The killer bee barely misses you.
The killer bee stings you.
* * * LOW HITPOINT WARNING * * *
You pummel the killer bee!! You freeze the killer bee!
You kill the killer bee!
Okawaru accepts your kill. The killer bee barely misses you.
The killer bee stings you but does no damage.
The killer bee stings you.
* * * LOW HITPOINT WARNING * * *
Your Invocations skill increases to level 3!
The killer bee stings you but does no damage.
The killer bee barely misses you. The killer bee stings you!
You die...

######### #.......#
#.#####.# #.#.###.#
#.#...#.# #.#.#.#.#
#.#.....#################
#.#.......Yyy...........#
#.#....####y.).......##.###
#.#.......#................
#.#.......'.......#........
#.#.......#.#####.#..##.###
#.#.......'...# #.#..##.###
#.##......##..# #.#..##....
######.##......##..#
#.#..######
#....#.##......###.###.#..#
#


You could see 3 killer bees.

Vanquished Creatures
  Sigmund (D:5)
  5 yaks (D:6)
  A water moccasin (D:7)
  An ice beast (D:5)
  An orc warrior (D:4)
  3 phantoms
  2 kobold brigands (D:6)
  A necrophage (D:7)
  3 scorpions (D:4)
  3 killer bees
  3 hounds
  4 jellies
  An orc priest (D:5)
  5 iguanas
  5 orc wizards
  9 gnolls
  7 adders
  2 shadow imps (D:5)
  A white imp (D:6)
  3 worms
  4 dart slugs
  18 orcs
  9 ball pythons
  3 bats (D:1)
  3 endoplasms
  3 giant cockroaches
  5 goblins
  5 hobgoblins
  16 kobolds
  A frilled lizard (D:3)
  3 rats
131 creatures vanquished.

Vanquished Creatures (others)
  An orc wizard (D:6)
1 creature vanquished.

Grand Total: 132 creatures vanquished

Notes
Turn   | Place    | Note
-------+----------+-------------------------------------------
     0 | D:1      | Dvallin the Ogre Transmuter began the quest for the Orb.
     0 | D:1      | Reached XP level 1. HP: 19/19 MP: 3/3
   295 | D:1      | Reached XP level 2. HP: 24/28 MP: 3/5
   649 | D:1      | Found a faded altar of an unknown god.
   655 | D:1      | Reached skill level 3 in Unarmed Combat
  1007 | D:2      | Reached XP level 3. HP: 34/35 MP: 5/7
  2480 | D:3      | Reached XP level 4. HP: 42/42 MP: 6/8
  2795 | D:3      | Learned a level 3 spell: Spider Form
  2883 | D:3      | Identified the +8 ring mail of the Black Skies {rF+ rN+}
  3243 | D:2      | Reached XP level 5. HP: 9/50 MP: 9/9
  3720 | D:3      | Noticed a phantom
  3749 | D:3      | Killed a phantom
  4103 | D:3      | Reached skill level 4 in Unarmed Combat
  4103 | D:3      | Reached XP level 6. HP: 24/61 MP: 2/11
  4819 | D:4      | Identified the +5 hand axe of Mayhem {flame, Will+ Str+5}
  4984 | D:4      | Reached XP level 7. HP: 30/68 MP: 10/12
  6001 | D:5      | Entered Level 5 of the Dungeon
  6026 | D:5      | Reached skill level 5 in Unarmed Combat
  6325 | D:4      | Reached XP level 8. HP: 73/79 MP: 9/14
  6392 | D:5      | Reached skill level 5 in Transmutations
  6485 | D:5      | Noticed Sigmund
  6669 | D:5      | Killed Sigmund
  6670 | D:5      | Reached skill level 5 in Fighting
  7688 | D:6      | Reached skill level 5 in Spellcasting
  7771 | D:6      | Found a staircase to the Ecumenical Temple.
  7789 | Temple   | Entered the Ecumenical Temple
  8391 | Temple   | Became a worshipper of Warmaster Okawaru
  8467 | D:6      | Reached skill level 6 in Unarmed Combat
  8601 | D:6      | Learned a level 4 spell: Ice Form
  9118 | D:6      | Found Uwuce's Jewellery Emporium.
  9133 | D:6      | Noticed a yak
  9135 | D:6      | Noticed a yak
  9162 | D:6      | Noticed a yak
  9164 | D:6      | Noticed a yak
  9166 | D:6      | Killed a yak
  9166 | D:6      | Noticed a yak
  9167 | D:6      | Reached skill level 1 in Invocations
  9167 | D:6      | Reached XP level 9. HP: 68/89 MP: 11/17
  9169 | D:6      | Reached * piety under Okawaru
 10089 | D:7      | Reached skill level 7 in Unarmed Combat
 10136 | D:6      | HP: 5/110 [killer bee (2)]
 10137 | D:6      | Slain by a killer bee

Illustrated notes

Levels and vault maps discovered:
D:1:      erik_arrival_blinker_ship, layout_loops_ring,
          nicolae_ecumenical_snake_handling
D:2:      layout_basic, minivault_19
D:3:      layout_rooms
D:4:      layout_basic
D:5:      layout_cave_pools, minmay_puff, uniq_sigmund
D:6:      layout_basic, minmay_temple_entry_slanted, serial_shops,
          nicolae_shop_temple_entry_statues_fountains, kennysheep_cross_room,
          minmay_misc_feat_square
D:7:      layout_basic
Temple:   mainiacjoe_temple_starburst

Skill      XL: |  1  2  3  4  5  6  7  8  9 |
---------------+----------------------------+-----
Transmutations | 2 3 4 6 |  6.9
Unarmed Combat | 3 4 5 6 7 |  7.1
Fighting       | 2 3 4 5 6 |  6.6
Spellcasting   | 3 4 5 |  5.9
Invocations    | 1 3 |  3.0
Dodging        | |  1.7

Action                   |  1- 3 |  4- 6 |  7- 9 || total
-------------------------+-------+-------+-------++-------
Melee: Unarmed           |   104 |   118 |   263 ||   485
       Headbutt          |    17 |     8 |       ||    25
       Kick              |    20 |    13 |       ||    33
       Punch             |     2 |     2 |     1 ||     5
 Cast: Beastly Appendage |    29 |    10 |       ||    39
       Spider Form       |       |    10 |    28 ||    38
       Ice Form          |       |       |     7 ||     7
Invok: Heroism           |       |       |     1 ||     1
Armor: Robe              |    23 |    10 |     4 ||    37
       Skin              |       |     3 |    31 ||    34
Dodge: Dodged            |    43 |    63 |   159 ||   265
